 Dungeon Crawl Stone Soup version 0.30-a0-341-g682706514a (webtiles) character file.

Game seed: 17683363397678310816

78 koil the Ruffian (level 4, -4/36 HPs)
             Began as a Draconian Transmuter on Nov 5, 2022.
             Slain by Sigmund
             ... wielding a +0 scythe
              (9 damage)
             ... on level 2 of the Dungeon.
             The game lasted 00:03:37 (1331 turns).

koil the Ruffian (Draconian Transmuter)             Turns: 1331, Time: 00:03:38

Health: -4/36      AC:  5    Str: 15    XL:     4   Next: 15%
Magic:  6/7        EV: 12    Int: 13    God:
Gold:   60         SH:  0    Dex: 11    Spells: 5/8 levels left

rFire   . . .      SeeInvis .      - Unarmed
rCold   . . .      Faith    .    (no shield)
rNeg    . . .      Spirit   .    (body armour unavailable)
rPois   .          Reflect  .    (helmet restricted)
rElec   .          Harm     .    (no cloak)
rCorr   .          Rampage  .    (no gloves)
Will    .....                    (no boots)
Stlth   +.........               (no amulet)
HPRegen 0.26/turn                (no ring)
MPRegen 0.10/turn                (no ring)

@: confused
A: AC +5, unfitting armour, cold-blooded
a: no special abilities


You were on level 2 of the Dungeon.
You visited 1 branch of the dungeon, and saw 2 of its levels.

You collected 60 gold pieces.

Inventory:

Missiles
 b - 2 poisoned darts
Magical Staves
 g - a staff of conjuration
Jewellery
 f - an amulet of faith
 j - a ring of resist corrosion
Scrolls
 c - a scroll of silence {unknown}
 e - a scroll of immolation {unknown}
 h - a scroll of torment {unknown}
 i - a scroll of enchant armour {unknown}
 m - a scroll of blinking {unknown}
 o - a scroll of enchant weapon {unknown}
 p - a scroll of summoning {unknown}
 q - a scroll of identify {unknown}
Potions
 a - 2 potions of lignification
 d - 2 potions of curing
 k - a potion of degeneration {unknown}
 l - a potion of attraction {unknown}
 n - a potion of heal wounds {unknown}


   Skills:
 + Level 2.1 Fighting
 + Level 2.3 Dodging
 + Level 3.4 Unarmed Combat
 + Level 2.5 Spellcasting
 + Level 2.6 Transmutations


You had 5 spell levels left.
You knew the following spells:

 Your Spells              Type           Power      Damage    Failure   Level
a - Beastly Appendage     Tmut           16%        N/A       9%          1
b - Wereblood             Tmut           8%         N/A       12%         2

Your spell library contained the following spells:

 Spells                   Type           Power      Damage    Failure   Level
 Passwall                 Tmut/Erth      4%         N/A       22%         2
 Ensorcelled Hibernation  Hex/Ice        2%         N/A       36%         2
 Spider Form              Tmut/Pois      5%         N/A       38%         3
 Swiftness                Air            1%         N/A       58%         3
 Ice Form                 Ice/Tmut       5%         N/A       80%         4


Dungeon Overview and Level Annotations

Branches:
Dungeon (2/15)

Altars:
Xom

Annotations:
D:2 Sigmund


Innate Abilities, Weirdness & Mutations

Your plain brown scales are hard. (AC +5)
You cannot fit into any form of body armour.
You are cold-blooded and may be slowed by cold attacks.


Message History

You miss Sigmund. You claw Sigmund.
Sigmund is moderately wounded.
You bump into the rock wall.
Sigmund hits you with a +0 scythe!
You bump into the rock wall.
Sigmund points at you and mumbles some strange words.
You are more confused.
You bump into the rock wall.
Sigmund points at you and mumbles some strange words.
You are more confused.
You bump into the rock wall.
Sigmund barely misses you.
You bump into the rock wall.
You closely miss Sigmund.
Sigmund is moderately wounded.
Sigmund hits you but does no damage.
Your horns disappear.
Your talons disappear.
Sigmund closely misses you.
You bump into the rock wall.
Your primal bloodlust is almost over.
Sigmund flickers, as though insubstantial.
Sigmund casts a spell at you. The magic dart hits you.
You bump into the rock wall.
Sigmund hits you with a +0 scythe.
You bump into the rock wall.
Sigmund gestures wildly while chanting.
Sigmund flickers and vanishes!
Deactivating autopickup; reactivate with Ctrl-A.
You closely miss something.
You hear some strange, mumbled words.
A magic dart appears from out of thin air!
The magic dart hits you.
You bump into the rock wall.
Something hits you!
You bump into the rock wall.
You hit something.
Your primal bloodlust has ended.
Something hits you!
* * * LOW HITPOINT WARNING * * *
You bump into the rock wall.
Something hits you but does no damage.
You miss something.
You bump into the rock wall.
Something hits you!
You die...

#.#####...#.......# #.#
#........#####'#### #.#
#..####..####..# #.#
...##......##.## #.#####
##.##.#..#.##.# #.....#
#.##.#.......# #####.>...#
#.......#.#### #.........#
####.####.########.###.....#
#.# #..)...@{..# #.....#
#####.# ############ ###.###
...##.# #.......# #.#
##.##.## #.......# ..#
.#.##..#####.......# .##
...###.#.....†.....# . ...#
#.#.###.......# ..
...###.#.# #.......#
#........# #.......#


There were no monsters in sight!

Vanquished Creatures
  5 adders (D:2)
  A dart slug (D:1)
  5 endoplasms
  5 giant cockroaches
  A goblin (D:2)
  A hobgoblin (D:2)
  4 kobolds
  2 ball pythons (D:2)
  2 bats (D:1)
  2 frilled lizards
  3 rats
31 creatures vanquished.

Notes
Turn   | Place    | Note
-------+----------+-------------------------------------------
     0 | D:1      | koil the Draconian Transmuter began the quest for the Orb.
     0 | D:1      | Reached XP level 1. HP: 16/16 MP: 3/3
   264 | D:1      | Reached XP level 2. HP: 23/23 MP: 5/5
   291 | D:1      | Learned a level 2 spell: Wereblood
   629 | D:2      | Found a shimmering altar of Xom.
   664 | D:2      | Reached XP level 3. HP: 12/29 MP: 1/6
  1025 | D:2      | Reached XP level 4. HP: 30/36 MP: 4/7
  1293 | D:2      | Noticed Sigmund
  1331 | D:2      | Slain by Sigmund

Illustrated notes

Levels and vault maps discovered:
D:1:      tarquinn_simple_flora_water_d, layout_loops_cross
D:2:      layout_loops_cross, basic_altar, minmay_fountain_box, uniq_sigmund

Skill      XL: |  1  2  3 |
---------------+----------+-----
Dodging        | 2 |  2.3
Fighting       | 2 |  2.1
Unarmed Combat | |  3.4
Spellcasting   | |  2.5
Transmutations | |  2.6

Action                   |  1- 3 |  4- 6 || total
-------------------------+-------+-------++-------
Melee: Unarmed           |   113 |    17 ||   130
       Tailslap          |    10 |     2 ||    12
       Punch             |     3 |       ||     3
       Kick              |     6 |     4 ||    10
       Headbutt          |     3 |       ||     3
 Cast: Beastly Appendage |     6 |     4 ||    10
       Wereblood         |     6 |     4 ||    10
  Use: Potion            |     1 |       ||     1
Armor: Skin              |    40 |     5 ||    45
Dodge: Dodged            |    91 |     9 ||   100

Table legend: (Time is in decaauts)
 A = Elapsed time spent in this place.
 B = Non-inter-level travel time spent in this place.
 C = Inter-level travel time spent in this place.
 D = Time resting spent in this place.
 E = Time spent auto-exploring this place.
 F = Levels seen in this place.
 G = Mean time per level.
                   A        B        C        D        E       F      G
               +--------+--------+--------+--------+--------+-----+--------+
         Total |   1328 |   1291 |     37 |     75 |    924 |   2 |  664.0 |
       Dungeon |   1328 |   1291 |     37 |     75 |    924 |   2 |  664.0 |
               +--------+--------+--------+--------+--------+-----+--------+

Top non-repeatable levels by time:
     D:2: 700 daAuts
     D:1: 628 daAuts
